 Dungeon Crawl Stone Soup version 0.30.0-13-g156ef70053 (webtiles) character file.

Game seed: 3490757313686046687

616 howech the Twirler (level 7, -1/60 HPs)
             Began as a Minotaur Gladiator on May 17, 2023.
             Slain by a gnoll bouda
             ... wielding a +0 whip
              (9 damage)
             ... on level 5 of the Dungeon.
             The game lasted 00:10:49 (3760 turns).

howech the Twirler (Minotaur Gladiator)             Turns: 3760, Time: 00:10:49

Health: -1/60      AC:  4    Str: 18    XL:     7   Next: 21%
Magic:  6/6        EV: 13    Int:  7    God:
Gold:   196        SH:  0    Dex: 12    Spells: 6/6 levels left

rFire   . . .        a - +1 quarterstaff
rCold   . . .        (shield currently unavailable)
rNeg    . . .        b - +0 leather armour
rPois   .            i - +1 hat
rElec   .            (no cloak)
rCorr   .            (no gloves)
SInv    .            (no boots)
Will    .....        (no amulet)
Stlth   +            (no ring)
HPRegen 0.30/turn    (no ring)
MPRegen 0.10/turn

%: no passive effects
@: weakened
A: horns 2, retaliatory headbutt
a: no special abilities


You were on level 5 of the Dungeon.
You visited 1 branch of the dungeon, and saw 5 of its levels.

You collected 196 gold pieces.

Inventory:

Hand Weapons
 a - a +1 quarterstaff (weapon)
 o - a +0 quarterstaff
Missiles
 d - a throwing net (quivered)
 e - a javelin
 g - 6 silver javelins
Armour
 b - a +0 leather armour (worn)
 c - a +0 hat
 i - a +1 hat (worn)
Jewellery
 f - a +6 ring of dexterity
 u - a ring of magical power
 v - a ring of fire
Wands
 n - a wand of flame (10)
Scrolls
 k - a scroll of silence
 m - a scroll of magic mapping
 r - a scroll of enchant weapon
 s - a scroll of identify
Potions
 h - a potion of heal wounds
 j - a potion of brilliance
 l - a potion of lignification {unknown}
 p - a potion of resistance {unknown}
 q - 2 potions of mutation {unknown}
 t - a potion of berserk rage {unknown}


   Skills:
 + Level 4.5 Fighting
 * Level 6.5 Staves
 + Level 3.9 Throwing
 + Level 2.8 Armour
 + Level 4.9 Dodging


You had 6 spell levels left.
You didn't know any spells.
Your spell library contained the following spells:

 Spells                   Type           Power      Damage    Failure   Level
 Summon Small Mammal      Summ           0%         N/A       50%         1
 Call Canine Familiar     Summ           0%         N/A       86%         3
 Dazzling Flash           Conj/Hex       0%         N/A       86%         3
 Summon Guardian Golem    Hex/Summ       0%         N/A       86%         3
 Volatile Blastmotes      Fire/Tloc      0%         2d10      86%         3
 Iskenderun's Mystic Bla  Conj/Tloc      0%         2d3       99%         4
 Leda's Liquefaction      Hex/Erth       0%         N/A       99%         4
 Lee's Rapid Deconstruct  Erth           0%         3d4*      100%        5
 Starburst                Conj/Fire      0%         6d3       100%        6
 Statue Form              Tmut/Erth      0%         N/A       100%        6
 Borgnjor's Revivificati  Necr           0%         N/A       100%        8
 Necromutation            Tmut/Necr      0%         N/A       100%        8
 Death's Door             Necr           0%         N/A       100%        9


Dungeon Overview and Level Annotations

Branches:
Dungeon (5/15)
 Temple: D:4-7

Altars:
Okawaru
Trog
Xom

Shops:
D:4 [


Innate Abilities, Weirdness & Mutations

You have a pair of horns on your head.
You reflexively headbutt those who attack you in melee.


Message History

The gnoll bouda closely misses you.
You hear a distant slurping noise.
The gnoll hits you with a +0 spear.
Things that are here:
a +0 club; a gnoll corpse You barely miss the gnoll.
The gnoll is no longer moving quickly.
The gnoll hits you from afar with a +0 halberd!
The gnoll bouda hits you with a +0 whip.
The gnoll barely misses you.
The gnoll bouda barks out a call to the hunt!
The gnolls pick up the pace!
The gnoll closely misses you. You furiously retaliate!
You headbutt the gnoll! You sock the gnoll!
You kill the gnoll!
The gnoll bouda misses you. The gnoll hits you with a +0 spear.
The gnoll bouda hits you but does no damage.
The gnoll hits you from afar with a +0 spear.
You see here a +0 halberd.
The gnoll bouda gazes fiercely through you!
You feel your attacks grow feeble. The gnoll misses you.
You furiously retaliate!
You headbutt the gnoll.
You kill the gnoll!
You barely miss the gnoll bouda. You headbutt the gnoll bouda.
The gnoll bouda is lightly wounded.
The gnoll bouda gazes fiercely through you!
You feel as though you will be weak longer.
The gnoll bouda hits you with a +0 whip!
* * * LOW HITPOINT WARNING * * *
You sock the gnoll bouda!
You headbutt the gnoll bouda, but do no damage.
The gnoll bouda is heavily wounded.
The gnoll hits you with a +0 club.
* * * LOW HITPOINT WARNING * * *
The gnoll bouda hits you with a +0 whip.
* * * LOW HITPOINT WARNING * * *
You sock the gnoll bouda!
The gnoll bouda is almost dead.
The gnoll misses you.
The gnoll bouda hits you with a +0 whip!
You die...

######..... #.............
#..............
#..............
#..............
#..............
#..............
#.)@.........#
######.gg)........#
#########......#)###......#
#..............#...#......#
#..............#...'......#
#.†.<..........#...#......#
#..............#...#......#
#...)..........#...#......#
####)####......#...#......#


You could see a gnoll bouda and a gnoll (swift).

Vanquished Creatures
  Sigmund (D:4)
  A black bear (D:4)
  An ogre (D:4)
  A hound (D:5)
  An iguana (D:4)
  An orc wizard (D:5)
  Robin (D:4)
  4 gnolls (D:5)
  5 adders
  An ufetubus (D:5)
  A dart slug (D:1)
  12 orcs
  6 endoplasms
  2 giant cockroaches
  17 goblins
  7 hobgoblins
  7 kobolds
  3 quokkas
  2 ball pythons
  3 bats (D:1)
  2 frilled lizards
  6 rats
85 creatures vanquished.

Notes
Turn   | Place    | Note
-------+----------+-------------------------------------------
     0 | D:1      | howech the Minotaur Gladiator began the quest for the Orb.
     0 | D:1      | Reached XP level 1. HP: 18/18 MP: 0/0
   299 | D:1      | Reached XP level 2. HP: 25/25 MP: 1/1
   899 | D:2      | Reached skill level 4 in Staves
   899 | D:2      | Reached XP level 3. HP: 31/31 MP: 2/2
  1660 | D:3      | Reached XP level 4. HP: 38/38 MP: 3/3
  1749 | D:3      | Found an iron altar of Okawaru.
  1937 | D:3      | Found a shimmering altar of Xom.
  2149 | D:4      | Found a bloodstained altar of Trog.
  2334 | D:4      | Noticed a black bear
  2343 | D:4      | Killed a black bear
  2344 | D:4      | Reached skill level 5 in Staves
  2344 | D:4      | Reached skill level 1 in Armour
  2344 | D:4      | Reached XP level 5. HP: 41/46 MP: 4/4
  2493 | D:4      | Found Wackun's Antique Armour Shop.
  2706 | D:4      | Noticed an ogre
  2713 | D:4      | Killed an ogre
  2714 | D:4      | Reached XP level 6. HP: 52/52 MP: 5/5
  2846 | D:4      | Noticed Sigmund
  2871 | D:4      | Killed Sigmund
  2872 | D:4      | Reached skill level 6 in Staves
  3059 | D:4      | Noticed Robin
  3075 | D:4      | Killed Robin
  3582 | D:5      | Entered Level 5 of the Dungeon
  3585 | D:5      | Reached XP level 7. HP: 60/60 MP: 6/6
  3760 | D:5      | Slain by a gnoll bouda

Illustrated notes

Levels and vault maps discovered:
D:1:      dpeg_arrival_round_a, layout_basic, st_stairs_8,
          serial_bayou_lagoon_a, nrook_mini_backslash,
          amcnicky_mini_rare_corridor_liquid
D:2:      layout_basic
D:3:      layout_rooms, mainiacjoe_overflow_small_starburst, okawaru_gym_becter,
          serial_bayou_crossing
D:4:      layout_basic, bloody_trog, serial_shops, nicolae_square_shop,
          uniq_sigmund, uniq_robin
D:5:      dreamdust_elfheim, layout_gridville,
          minmay_temple_entry_statues_fountains

Skill      XL: |  1  2  3  4  5  6 |
---------------+-------------------+-----
Fighting       | 3 4 |  4.5
Staves         | 4 5 6 |  6.5
Dodging        | 4 |  4.9
Throwing       | 3 |  3.9
Armour         | 1 2 |  2.8

Action                     |  1- 3 |  4- 6 |  7- 9 || total
---------------------------+-------+-------+-------++-------
  Melee: Quarterstaff      |    59 |    78 |    24 ||   161
         Headbutt          |     6 |    15 |     6 ||    27
  Throw: Throwing net      |       |     3 |       ||     3
    Use: Scroll            |     4 |     5 |       ||     9
   Stab: Sleeping          |     1 |     1 |       ||     2
         Held in net/web   |       |     2 |       ||     2
 Armour: Leather armour    |    17 |    16 |     4 ||    37
  Dodge: Dodged            |    36 |    43 |    23 ||   102
